Map: [ESL] Hecate

Players

Future - Winner!

  • Race: Terran Terran
  • Spawn Location: 7:00

Nina

  • Race: Protoss Protoss
  • Spawn Location: 1:00

Event: ESL SC2 Masters 2023 Winter (Regional)

VOD

Have the link to the VOD?

Description

Time

  • Played on: Oct. 26, 2023, 5:29 p.m.
  • Length: 17:12

All games in this series

Show
View Real Time Build Order
Export as new Build Order

Future Terran - Winner!

Build Orders:  

Get SALT Encoding   

  12  0:00  SCV  
  13  0:12  SCV  
  14  0:17  Supply Depot  
  14  0:24  SCV  
  15  0:38  SCV  
  15  0:41  Barracks  
  16  0:44  Refinery  
  16  0:50  SCV  
  16  0:55  Refinery  
  17  1:02  SCV  
  18  1:14  SCV  
  19  1:28  Reaper  
  19  1:29  Orbital Command  
  20  1:39  Supply Depot  
  20  1:43  Factory  
  20  1:55  SCV  
  20  1:58  Bunker  
  20  2:00  Reaper  
  22  2:07  SCV  
  23  2:19  SCV  
  24  2:27  Command Center  
  24  2:31  SCV  
  24  2:37  Factory Reactor  
  25  2:43  SCV  
  26  2:47  Starport  
  26  2:50  Supply Depot  
  26  2:59  SCV  
  27  3:11  Barracks Reactor  
  27  3:13  SCV  
  28  3:26  SCV  
  32  3:27  Medivac, Widow Mine x2  
  32  3:33  Bunker  
  34  3:38  SCV  
  34  3:40  Orbital Command  
  35  3:47  Marine x2  
  41  3:48  Widow Mine x2  
  41  3:50  SCV  
  42  3:56  Armory  
  42  4:03  SCV  
  42  4:05  SCV  
  42  4:09  Medivac  
  48  4:15  SCV  
  51  4:17  SCV, Widow Mine  
  51  4:19  Widow Mine  
  51  4:21  Supply Depot  
  52  4:27  SCV  
  52  4:29  SCV  
  54  4:32  Barracks  
  54  4:33  Supply Depot  
  54  4:42  Marine x2  
  54  4:43  SCV x2  
  54  4:44  Starport Tech Lab  
  58  4:48  Barracks, Factory Tech Lab  
  58  4:55  SCV x2  
  58  4:56  Engineering Bay  
  58  4:59  Supply Depot  
  60  5:00  Marine x2  
  64  5:07  SCV x2  
  64  5:09  Siege Tank  
  65  5:19  SCV x2  
  65  5:26  Marine x2  
  63  5:29  Terran Infantry Weapons Level 1, Refinery  
  63  5:31  SCV  
  63  5:33  SCV  
  65  5:35  Stimpack, Marauder  
  65  5:43  Refinery  
  65  5:46  SCV x2  
  65  5:49  Marauder  
  69  5:50  Marine x2  
  69  5:52  Factory Tech Lab  
  69  5:56  Marine  
  70  5:58  SCV  
  70  5:59  SCV  
  70  6:00  Supply Depot  
  70  6:01  Combat Shield, Supply Depot  
  70  6:12  Marauder, Marine x2  
  70  6:15  Marauder  
  76  6:21  Siege Tank  
  76  6:23  Supply Depot  
  76  6:24  Supply Depot  
  79  6:26  Command Center  
  79  6:29  Marine  
  79  6:30  Marine  
  81  6:33  Marauder  
  81  6:36  Marauder  
  85  6:42  Barracks  
  85  6:44  Barracks, Medivac  
  85  6:45  Medivac  
  89  6:51  Marine x2  
  89  6:55  SCV x2, Marauder  
  89  6:57  Siege Tank, Marauder  
  89  6:59  Supply Depot  
  98  7:03  Supply Depot  
  98  7:07  SCV x2  
  100  7:09  Marine x2  
  100  7:10  Engineering Bay  
  102  7:16  Marauder  
  102  7:19  SCV x2, Marauder  
  108  7:26  Terran Infantry Weapons Level 2, Marine  
  108  7:27  Marine  
  110  7:31  SCV x2  
  102  7:37  Marauder  
  102  7:40  Marauder  
  100  7:46  Medivac x2  
  100  7:48  SCV x2  
  100  7:49  Orbital Command  
  106  7:51  Barracks Reactor, Barracks Tech Lab  
  106  7:55  Marine x2  
  106  7:58  Terran Infantry Armor Level 1  
  108  8:00  Bunker, SCV x2, Refinery  
  108  8:03  Marauder x2, Refinery  
  114  8:11  Factory Reactor  
  114  8:12  Marauder, SCV x2  
  118  8:14  Marine x2  
  120  8:20  Concussive Shells  
  120  8:22  SCV  
  120  8:24  Marauder x2, SCV x2  
  120  8:26  Ghost Academy  
  127  8:27  Supply Depot  
  127  8:30  Missile Turret  
  127  8:31  Missile Turret  
  109  8:43  Marine, Marauder  
  109  8:44  Marine x2  
  109  8:46  Marauder  
  109  8:47  Medivac x2  
  120  8:49  SCV  
  120  9:04  Marine x2  
  120  9:05  Command Center, Marine  
  120  9:06  Ghost, Marine  
  120  9:07  Ghost x2  
  120  9:09  Widow Mine  
  132  9:14  Widow Mine  
  134  9:17  Medivac x2  
  134  9:21  Supply Depot x2  
  138  9:25  Marine x4  
  138  9:30  Supply Depot  
  138  9:31  Widow Mine  
  144  9:36  Marauder, Widow Mine  
  148  9:39  SCV  
  148  9:42  SCV  
  148  9:43  Marine x4, Marauder x2  
  148  9:44  Sensor Tower  
  158  9:47  Terran Infantry Weapons Level 3  
  151  10:00  Marine, Marauder  
  151  10:04  Marauder  
  153  10:08  Marine  
  153  10:09  Marine, Marauder  
  153  10:11  SCV x3  
  159  10:16  Medivac x2  
  159  10:19  Widow Mine x2  
  165  10:24  Barracks  
  165  10:25  Barracks  
  165  10:26  Barracks  
  165  10:28  Marauder x2, Marine  
  170  10:33  Terran Infantry Armor Level 2, Marine  
  171  10:40  Ghost  
  171  10:41  Marine  
  174  10:43  SCV x2  
  174  10:48  Ghost  
  176  10:54  Marauder  
  173  10:59  Widow Mine x2  
  173  11:00  Viking x2  
  173  11:03  SCV x2  
  183  11:05  Missile Turret  
  183  11:06  SCV  
  183  11:09  Marauder, Marine  
  187  11:24  Planetary Fortress, Ghost x2  
  191  11:25  Supply Depot  
  191  11:26  Barracks Tech Lab x2  
  191  11:38  Marauder x2  
  191  11:39  Marine x2  
  191  11:46  Widow Mine  
  188  11:49  Missile Turret  
  171  11:56  Medivac x2, Widow Mine  
  171  11:58  Marauder x3  
  171  11:59  Marauder x2  
  171  12:00  Marine  
  184  12:01  Marauder, Marine  
  184  12:02  Marine  
  184  12:07  Widow Mine  
  183  12:10  Marine  
  149  12:18  Marine  
  149  12:19  Marauder x2  
  149  12:20  Widow Mine, Marauder x2  
  149  12:21  Marauder  
  159  12:23  Marauder  
  159  12:37  Widow Mine  
  153  12:38  Marine  
  153  12:41  Marauder x4  
  162  12:45  Medivac x2  
  162  12:47  Marauder  
  168  12:56  Command Center  
  168  13:02  Marine  
  165  13:07  Ghost x2  
  165  13:08  Ghost x2  
  165  13:09  Ghost  
  165  13:12  Ghost  
  175  13:13  Marine  
  175  13:19  Marine x2  
  179  13:20  Marine  
  179  13:23  Widow Mine x2  
  181  13:36  Marine  
  181  13:37  Marine, Marauder x4  
  181  13:38  Marauder  
  181  13:41  Terran Infantry Armor Level 3  
  191  13:43  Marauder, Marine  
  191  13:47  Medivac  
  196  13:48  Medivac  
  192  13:58  Marauder x3  
  192  14:01  Marauder, Widow Mine x2  
  192  14:02  Marine, Marauder  
  200  14:03  Marine  
  186  14:18  Marine, Marauder  
  186  14:19  Marauder x2  
  186  14:23  Viking x2  
  189  14:27  Marauder x2  
  189  14:29  Marine, Marauder, Missile Turret  
  189  14:30  Marine  
  194  14:39  Marauder  
  194  14:41  Marauder  
  196  14:47  Marine, Marauder  
  196  14:48  Marauder, Marine  
  197  15:12  Marauder  
  197  15:13  Marauder x4  
  196  15:22  Ghost  
  196  15:25  Planetary Fortress  
  196  15:27  Medivac x2  
  198  15:33  Ghost  
  186  15:44  Marauder x2  
  186  15:45  Marauder x2  
  186  15:51  Marauder  
  184  15:58  Marine  
  184  16:00  Liberator  
  184  16:02  Marauder  
  186  16:05  Marine, Marauder x2  
  186  16:06  Marauder  
  186  16:07  Command Center, Widow Mine x2, Marauder  
  197  16:12  Marauder  
  197  16:15  Marine  
  197  16:16  Fusion Core, Marine, Starport  
  196  16:20  Marine  
  196  16:23  Marine  
  196  16:24  Marauder  
  186  16:27  Marauder x2  
  186  16:28  Marauder x2  
  186  16:31  Refinery x2  
  188  16:33  Marine  
  188  16:34  Marine, Marauder  
  188  16:38  Marine  
  191  16:45  Marauder, Marine  
  191  16:46  Widow Mine x2  
  173  16:48  Marauder x2  
  173  16:49  Marauder x2  
  173  16:50  Marine  
  173  16:52  Marine  
Show
View Real Time Build Order
Export as new Build Order

Nina Protoss 

Build Orders: 1 Gate Expand, Blink Stalkers, Colossus Rush 

Get SALT Encoding   

  12  0:00  Probe  
  13  0:12  Probe  
  14  0:17  Pylon  
  14  0:24  Probe  
  15  0:36  Gateway, Probe (Chrono Boost)  
  16  0:46  Probe (Chrono Boost)  
  16  0:47  Assimilator  
  17  0:51  Probe (Chrono Boost)  
  18  1:03  Probe  
  19  1:16  Probe  
  20  1:24  Cybernetics Core  
  20  1:34  Nexus  
  21  1:42  Pylon  
  21  1:44  Probe  
  21  1:51  Assimilator  
  21  1:56  Probe  
  21  1:58  Stalker (Chrono Boost)  
  22  2:08  Probe  
  25  2:14  Shield Battery  
  25  2:20  Probe  
  25  2:22  Stalker (Chrono Boost)  
  26  2:28  Warp Gate  
  28  2:32  Probe  
  29  2:44  Probe  
  29  2:47  Twilight Council, Probe  
  31  2:56  Probe  
  31  2:58  Pylon  
  31  3:00  Probe  
  32  3:06  Stalker  
  32  3:09  Probe  
  32  3:12  Probe  
  36  3:17  Blink (Chrono Boost)  
  36  3:21  Probe  
  36  3:24  Probe  
  38  3:33  Probe  
  39  3:36  Probe  
  39  3:37  Gateway  
  40  3:44  Robotics Facility  
  40  3:45  Probe  
  40  3:48  Probe  
  42  3:50  Pylon  
  42  3:57  Probe  
  42  4:00  Assimilator, Probe  
  44  4:04  Assimilator  
  44  4:09  Probe  
  45  4:12  Probe  
  45  4:16  Stalker, Pylon  
  48  4:21  Probe, Pylon  
  49  4:24  Probe  
  49  4:30  Shield Battery  
  50  4:32  Stalker  
  50  4:33  Observer (Chrono Boost), Probe  
  50  4:36  Probe  
  55  4:40  Robotics Bay  
  55  4:45  Probe  
  55  4:48  Probe  
  57  4:53  Nexus  
  57  4:56  Stalker  
  57  4:57  Probe  
  57  4:59  Observer (Chrono Boost)  
  61  5:02  Stalker  
  62  5:14  Probe  
  62  5:16  Probe  
  61  5:26  Colossus (Chrono Boost)  
  61  5:35  Probe  
  67  5:42  Probe  
  67  5:44  Forge  
  67  5:53  Probe  
  68  5:57  Extended Thermal Lance (Chrono Boost)  
  68  6:01  Probe  
  68  6:03  Pylon  
  69  6:05  Probe  
  69  6:07  Probe  
  69  6:08  Pylon  
  71  6:11  Colossus (Chrono Boost)  
  71  6:13  Probe  
  71  6:17  Probe  
  79  6:19  Probe  
  79  6:21  Photon Cannon  
  81  6:25  Probe  
  81  6:26  Photon Cannon  
  81  6:29  Sentry, Probe  
  81  6:31  Shield Battery, Probe  
  85  6:34  Stalker  
  85  6:37  Probe  
  86  6:40  Protoss Ground Weapons Level 1 (Chrono Boost)  
  86  6:42  Probe  
  86  6:43  Probe  
  88  6:49  Probe  
  88  6:54  Sentry, Probe  
  90  6:55  Probe  
  90  6:57  Pylon  
  90  6:58  Gateway  
  90  7:00  Gateway  
  93  7:02  Probe  
  93  7:06  Pylon, Probe  
  93  7:07  Probe  
  96  7:11  Gateway  
  96  7:12  Gateway  
  96  7:14  Gateway  
  96  7:20  Colossus (Chrono Boost)  
  101  7:25  Zealot x2  
  105  7:30  Observer  
  93  7:45  Charge  
  93  7:47  Gateway, Probe  
  93  7:48  Zealot  
  93  7:49  Gateway, Zealot, Probe  
  99  7:52  Photon Cannon  
  99  7:57  Zealot x2  
  103  8:07  Observer (Chrono Boost)  
  103  8:08  Zealot x2  
  108  8:13  Zealot x3, Templar Archives  
  108  8:19  Pylon x2  
  114  8:22  Nexus  
  114  8:26  Zealot  
  116  8:29  Pylon  
  116  8:30  Pylon  
  116  8:39  Observer  
  106  8:43  Stalker x3  
  106  8:44  Stalker x3  
  106  8:45  Zealot  
  106  8:48  Probe  
  121  8:50  Warp Prism (Chrono Boost)  
  123  8:57  Protoss Ground Armor Level 1 (Chrono Boost)  
  123  9:00  Probe  
  124  9:03  Probe  
  124  9:07  Pylon  
  125  9:11  Forge  
  125  9:12  High Templar  
  125  9:13  High Templar, Zealot  
  125  9:14  Assimilator  
  125  9:15  Zealot  
  125  9:16  Zealot  
  135  9:17  Archon  
  135  9:19  Assimilator  
  135  9:21  Zealot x2  
  139  9:26  Stalker x2  
  143  9:42  Zealot x4  
  143  9:43  Zealot  
  143  9:44  Probe (Chrono Boost)  
  146  10:02  Stalker x5  
  146  10:07  Disruptor (Chrono Boost)  
  156  10:11  Probe  
  156  10:13  Robotics Facility, Probe  
  162  10:17  Photon Cannon x2  
  162  10:20  Zealot x3  
  168  10:27  Protoss Ground Weapons Level 2 (Chrono Boost)  
  168  10:33  Pylon  
  168  10:35  Pylon  
  168  10:37  Pylon  
  168  10:38  Disruptor  
  172  10:44  Robotics Facility  
  172  10:49  Zealot x2  
  172  10:54  Zealot x5  
  170  11:01  Disruptor  
  172  11:05  Zealot x2  
  172  11:10  Probe x2  
  176  11:12  Assimilator, Probe  
  176  11:13  Assimilator  
  176  11:15  Sentry, Shield Battery  
  178  11:19  Observer  
  178  11:20  Zealot x5  
  178  11:24  Probe  
  190  11:27  Probe  
  190  11:30  Probe  
  190  11:32  Pylon  
  192  11:37  Disruptor  
  195  11:41  Observer  
  168  12:01  Warp Prism  
  140  12:13  Disruptor  
  120  12:16  Stalker x3  
  120  12:17  Stalker x6  
  117  12:37  Disruptor  
  117  12:38  Probe  
  117  12:39  Probe x3  
  124  12:46  Zealot x8  
  124  12:48  Stalker  
  124  12:50  Probe  
  124  12:51  Probe  
  142  12:52  Disruptor  
  142  12:53  Disruptor  
  142  12:55  Probe  
  151  13:04  Nexus  
  151  13:07  Zealot x2  
  151  13:08  Zealot x4  
  151  13:10  Protoss Ground Weapons Level 3 (Chrono Boost)  
  163  13:13  Disruptor  
  166  13:23  Protoss Ground Armor Level 2 (Chrono Boost)  
  166  13:28  Stalker x4  
  172  13:38  Observer x2  
  172  13:40  Zealot x4  
  172  13:41  Nexus, Zealot  
  184  13:42  Photon Cannon  
  184  13:48  Disruptor  
  184  13:53  Zealot x3  
  184  14:01  Disruptor  
  176  14:04  Pylon  
  176  14:05  Stalker x2  
  176  14:08  Disruptor  
  164  14:25  Disruptor  
  164  14:32  Zealot x4, Probe  
  164  14:33  Zealot x2  
  164  14:37  Immortal  
  181  14:43  Zealot x3  
  181  14:44  Disruptor  
  191  14:51  Pylon  
  191  14:52  Pylon  
  189  14:56  Pylon  
  189  15:00  Zealot x4  
  189  15:03  Disruptor  
  181  15:14  Probe x3  
  181  15:19  Gravitic Boosters (Chrono Boost), Colossus  
  187  15:28  Stalker x4  
  189  15:32  Assimilator  
  189  15:33  Assimilator  
  195  15:35  Zealot  
  195  15:36  Zealot  
  195  15:38  Shield Battery  
  195  15:39  Observer  
  182  15:46  Zealot x3  
  168  15:56  Zealot x4  
  170  16:00  Disruptor  
  162  16:10  Zealot, Shield Battery  
  162  16:11  Zealot x2  
  160  16:13  Colossus  
  147  16:21  Stalker x4  
  137  16:28  Zealot x2  
  138  16:33  Zealot x3  
  138  16:36  Disruptor  
  139  16:46  Zealot x2  
  139  16:47  Zealot x2  
  134  16:48  Zealot x2  
  123  16:54  Stalker  
  123  16:55  Stalker  
  123  16:59  Stalker  
Tags
 
Add a new tag
Caveats
  • Supply blocks, unpowered buildings, or Contaminate may cause inaccurate times.
  • Supply counts are checked every 10 seconds.